 Dungeon Crawl Stone Soup version 0.29-a0-509-g793eeb5391 (webtiles) character file.

Game seed: 7688425463453913198

27 Glafi the Skirmisher (level 2, -8/27 HPs)
             Began as a Minotaur Fighter on May 29, 2022.
             Mangled by Sigmund
             ... wielding a +0 scythe
              (9 damage)
             ... on level 1 of the Dungeon.
             The game lasted 00:06:44 (1099 turns).

Glafi the Skirmisher (Minotaur Fighter)             Turns: 1099, Time: 00:06:45

Health: -8/27      AC:  7    Str: 20    XL:     2   Next: 93%
Magic:  1/1        EV:  9    Int:  5    God:
Gold:   33         SH:  4    Dex:  9    Spells: 1/1 levels left

rFire   . . .      SeeInvis .   a - +0 war axe
rCold   . . .      Faith    .   c - +0 buckler
rNeg    . . .      Spirit   .   b - +0 scale mail
rPois   .          Reflect  .   (helmet restricted)
rElec   .          Harm     .   (no cloak)
rCorr   .          Rampage  .   (no gloves)
Will    .....                   (no boots)
Stlth   ..........              (no amulet)
HPRegen 0.09/turn               (no ring)
MPRegen 0.07/turn               (no ring)

@: no status effects
A: horns 2, retaliatory headbutt
a: no special abilities


You were on level 1 of the Dungeon.
You visited 1 branch of the dungeon, and saw 2 of its levels.

You collected 33 gold pieces.

Inventory:

Hand Weapons
 a - a +0 war axe (weapon)
Armour
 b - a +0 scale mail (worn)
 c - a +0 buckler (worn)
Scrolls
 e - 3 scrolls of identify {unknown}
 g - a scroll of enchant weapon {unknown}
 h - a scroll of teleportation {unknown}
Potions
 d - a potion of might
 f - a potion of resistance {unknown}
 i - a potion of curing {unknown}


   Skills:
 * Level 4.3 Fighting
 - Level 2.4 Axes
 + Level 4.1 Armour
 + Level 0.2 Dodging
 + Level 0.1 Stealth
 + Level 3.9 Shields


You had one spell level left.
You didn't know any spells.
Your spell library contained the following spells:

 Spells                   Type           Power      Damage    Failure   Level
 Ozocubu's Armour         Ice            0%         N/A       99%         3
 Metabolic Englaciation   Hex/Ice        0%         N/A       100%        5
 Simulacrum               Ice/Necr       0%         N/A       100%        6


Dungeon Overview and Level Annotations

Branches:
Dungeon (2/15)

Altars:

Annotations:
D:1 Sigmund


Innate Abilities, Weirdness & Mutations

You have a pair of horns on your head.
You reflexively headbutt those who attack you in melee.


Message History

You feel less confused. Sigmund barely misses you.
You barely miss Sigmund. Sigmund hits you with a +0 scythe.
You hit Sigmund.
Sigmund is lightly wounded.
You block Sigmund's attack.
You closely miss Sigmund.
Sigmund is lightly wounded.
Sigmund hits you with a +0 scythe.
You barely miss Sigmund. Your headbutt misses Sigmund.
Sigmund is lightly wounded.
Sigmund closely misses you.
You hit Sigmund.
Sigmund is moderately wounded.
Sigmund closely misses you.
You barely miss Sigmund.
Sigmund is moderately wounded.
You block Sigmund's attack.
You hit Sigmund.
Sigmund is moderately wounded.
Sigmund hits you with a +0 scythe.
You slash Sigmund!
Sigmund is severely wounded.
Sigmund closely misses you.
You barely miss Sigmund.
Sigmund is severely wounded.
Sigmund points at you and mumbles some strange words.
The puff of flame hits you.
You closely miss Sigmund. Your headbutt misses Sigmund.
Sigmund is severely wounded.
Sigmund gestures wildly while chanting.
Sigmund flickers and vanishes!
Deactivating autopickup; reactivate with Ctrl-A.
You completely miss something. Your headbutt misses something.
Something hits you!
* * * LOW HITPOINT WARNING * * *
You miss something. Something hits you!
* * * LOW HITPOINT WARNING * * *
You barely miss something. Something hits you!
You die...

................#......# #.......
..............>.#......###.......
#######..................#.......
...# #..........................
##.####..................#.......
..............##.........#....##.
...#.............................
...........#...#.................
...........#...#@>...............
.........###...#{........##.#....
...#.#######...#.........##.#....
...#.......)...#.........##.#....
..........##...######.#####.#....
..........##.......##.......#....
..........###...............+....
............#......##.......#....
............'......##.......#....


There were no monsters in sight!

Vanquished Creatures
  2 dart slugs (D:1)
  3 endoplasms (D:1)
  A giant cockroach (D:1)
  A goblin (D:1)
  2 hobgoblins (D:1)
  3 jackals (D:1)
  A quokka (D:1)
  5 bats (D:1)
  2 frilled lizards (D:1)
20 creatures vanquished.

Vanquished Creatures (others)
  A plant (D:1)
1 creature vanquished.

Grand Total: 21 creatures vanquished

Notes
Turn   | Place    | Note
-------+----------+-------------------------------------------
     0 | D:1      | Glafi the Minotaur Fighter began the quest for the Orb.
     0 | D:1      | Reached XP level 1. HP: 19/19 MP: 0/0
   191 | D:1      | Reached XP level 2. HP: 27/27 MP: 1/1
   305 | D:1      | Found a faded altar of an unknown god.
  1076 | D:2      | Noticed Sigmund
  1098 | D:1      | HP: 1/27 [something (7)]
  1099 | D:1      | Mangled by Sigmund

Illustrated notes

Levels and vault maps discovered:
D:1:      sevenhm_arrival_forest_fort_large_4, layout_basic,
          shapermc_ecumenical_altar_mp_highgroup
D:2:      layout_basic, uniq_terence, uniq_sigmund

Skill      XL: |  1  2 |
---------------+-------+-----
Fighting       | 4 |  4.3
Armour         | 4 |  4.1
Axes           | |  2.4
Dodging        | |  0.2
Stealth        | |  0.1
Shields        | |  3.9

Action                   || total
-------------------------++-------
Melee: War axe           ||    58
       Headbutt          ||     7
Armor: Scale mail        ||    27
Dodge: Dodged            ||    29
Block: Buckler           ||    11

Table legend: (Time is in decaauts)
 A = Elapsed time spent in this place.
 B = Non-inter-level travel time spent in this place.
 C = Inter-level travel time spent in this place.
 D = Time resting spent in this place.
 E = Time spent auto-exploring this place.
 F = Levels seen in this place.
 G = Mean time per level.
                   A        B        C        D        E       F      G
               +--------+--------+--------+--------+--------+-----+--------+
         Total |   1123 |   1111 |     12 |      0 |    928 |   2 |  561.5 |
       Dungeon |   1123 |   1111 |     12 |      0 |    928 |   2 |  561.5 |
               +--------+--------+--------+--------+--------+-----+--------+

Top non-repeatable levels by time:
     D:1: 1121 daAuts
     D:2: 1 daAuts
